AoeStats
← TheSeb

Arabia

508565768Analyzed
2v2 RM · 10d ago on Sep 23, 2026· 33m 27s· 4 players
Game mode
Random Map
Map size
Medium (4 player)
Population
200
Speed
Normal
Resources
Standard
Victory
Conquest
Starting age
Dark Age
Ending age
Imperial Age
RankedLock teamsTeams togetherTeam positionsShared explorationLock speedFull tech treeHidden civsTurbo modeCheats
Victory
Defeat
🇨🇱 Ethiopians · Chile
795
+18
🇨🇱 Spanish · Chile
785
+19
🇺🇸 Varangians · United States
859
-19
🇺🇸 Saxons · United States
823
-18
TheSeb
0:35 Loom
11:48 Feudal Age
12:25 Double-Bit Axe
13:29 Wheelbarrow
13:39 Man-at-Arms
15:33 Horse Collar
17:45 Scale Mail Armor
17:52 Stone Mining
19:13 Forging
21:28 Gold Mining
25:17 Castle Age
26:32 Hand Cart
26:26 Scale Barding Armor
26:57 Iron Casting
30:34 Town Watch
Jaimeka 3K
0:35 Loom
11:24 Feudal Age
12:04 Double-Bit Axe
17:01 Wheelbarrow
17:28 Horse Collar
21:31 Castle Age
19:38 Gold Mining
22:05 Fletching
22:17 Padded Archer Armor
22:27 Forging
22:18 Scale Mail Armor
22:24 Heavy Plow
22:22 Crossbowman
31:09 Imperial Age
29:03 Thumb Ring
31:17 Hand Cart
30:57 Stone Mining
31:31 Hand Cart
ALFA APEX
0:59 Loom
14:22 Feudal Age
19:08 Man-at-Arms
21:59 Castle Age
33:55 Squires
33:42 Gambesons
Prodigy
2:50 Loom
11:44 Feudal Age
16:03 Castle Age
15:34 Double-Bit Axe
21:10 Scale Mail Armor
23:32 Wheelbarrow
24:57 Chain Mail Armor
24:34 Horse Collar
25:39 Squires
32:53 Forging
Connection lost

Rejoining the realm…

Still unreachable

The connection could not be restored.

Session expired

The server has moved on; the page needs a fresh start.